Map: Ley Lines

Players

Lambo - Winner!

  • Race: Zerg Zerg
  • Spawn Location: 1:00

Krystianer

  • Race: Protoss Protoss
  • League: Master
  • Spawn Location: 7:00

Event: FEL Cracov 2025

VOD

Have the link to the VOD?

Description

Time

  • Played on: July 27, 2025, 12:54 p.m.
  • Length: 6:54

All games in this series

Show
View Real Time Build Order
Export as new Build Order

Lambo Zerg - Winner!

Build Orders: Hatch First 

Get SALT Encoding   

  12  0:00  Drone  
  13  0:08  Drone  
  14  0:15  Extractor, Drone  
  15  0:21  Overlord  
  15  0:40  Drone  
  16  0:44  Hatchery  
  16  0:48  Drone  
  16  0:52  Drone  
  16  0:56  Drone  
  18  1:07  Extractor  
  18  1:11  Spawning Pool  
  16  1:14  Drone  
  16  1:17  Drone  
  18  1:26  Drone  
  19  1:37  Drone  
  20  1:47  Drone  
  21  1:57  Queen x2  
  21  1:58  Zergling x2  
  21  1:59  Overlord  
  26  2:07  Drone  
  27  2:10  Drone  
  27  2:12  Metabolic Boost  
  28  2:18  Drone  
  28  2:20  Drone  
  30  2:28  Drone  
  31  2:30  Drone  
  31  2:33  Queen  
  34  2:42  Hatchery  
  33  2:48  Overlord  
  33  2:53  Zergling x4  
  33  2:55  Zergling x2  
  36  3:03  Overlord  
  36  3:08  Drone x4  
  36  3:09  Drone x2  
  36  3:12  Drone  
  43  3:19  Drone  
  44  3:26  Drone  
  44  3:28  Drone  
  44  3:32  Spore Crawler, Drone  
  44  3:35  Queen  
  44  3:37  Drone x2  
  44  3:38  Drone  
  49  3:41  Overlord  
  49  3:43  Drone  
  49  3:45  Drone  
  51  3:50  Spore Crawler  
  51  3:51  Drone  
  51  3:54  Queen  
  53  3:56  Drone  
  53  3:59  Overlord  
  53  4:02  Drone x2  
  56  4:06  Overlord  
  56  4:09  Drone x2  
  58  4:14  Drone x2  
  58  4:15  Drone  
  61  4:18  Overlord  
  61  4:21  Zergling x4  
  63  4:26  Roach Warren  
  63  4:28  Drone x2  
  63  4:30  Drone  
  61  4:32  Drone x2  
  61  4:36  Lair  
  62  4:38  Extractor  
  62  4:39  Drone, Extractor  
  62  4:40  Drone  
  62  4:43  Zergling x2  
  62  4:45  Zergling x4  
  65  4:47  Drone x2  
  65  4:50  Drone x2  
  69  4:55  Drone x3, Extractor  
  69  4:58  Overlord x2  
  71  5:04  Overlord  
  71  5:10  Spore Crawler  
  71  5:13  Zergling x2  
  71  5:14  Zergling x12  
  77  5:22  Overlord  
  77  5:24  Roach x4  
  85  5:32  Roach x5  
  85  5:35  Roach  
  93  5:37  Roach  
  92  5:46  Roach x5  
  102  5:51  Roach x2  
  102  5:53  Overlord  
  102  5:54  Zergling x2  
  102  5:55  Zergling x2  
  108  6:01  Zergling x8  
  112  6:05  Queen  
  112  6:07  Overlord  
  112  6:09  Overlord  
  112  6:11  Ravager  
  112  6:12  Ravager  
  112  6:13  Zergling x4  
  112  6:15  Ravager  
  117  6:19  Zergling x2  
  117  6:20  Zergling x6  
  117  6:22  Zergling x4  
  117  6:24  Zergling x2  
  124  6:28  Ravager x2  
  124  6:29  Zergling x2  
  124  6:30  Zergling x4  
  126  6:37  Ravager  
Show
View Real Time Build Order
Export as new Build Order

Krystianer Protoss 

Build Orders: 1 Gate Expand, Oracle Opening 

Get SALT Encoding   

  12  0:00  Probe  
  13  0:12  Probe  
  14  0:17  Pylon  
  14  0:23  Probe  
  15  0:31  Probe  
  16  0:38  Gateway  
  16  0:39  Probe  
  16  0:46  Assimilator  
  17  0:51  Probe  
  18  1:03  Probe  
  19  1:15  Probe  
  20  1:22  Nexus  
  20  1:31  Cybernetics Core  
  20  1:34  Probe  
  20  1:39  Assimilator  
  21  1:47  Probe  
  22  1:50  Pylon  
  22  1:58  Adept  
  22  1:59  Probe  
  25  2:11  Probe  
  26  2:18  Adept  
  26  2:19  Stargate  
  26  2:23  Probe  
  29  2:32  Probe  
  29  2:33  Warp Gate  
  29  2:35  Probe  
  31  2:40  Probe  
  32  2:48  Probe, Adept  
  32  2:50  Probe  
  35  2:56  Oracle  
  36  3:00  Probe  
  36  3:02  Probe  
  38  3:12  Probe, Pylon  
  42  3:14  Probe  
  43  3:24  Probe  
  43  3:26  Probe  
  45  3:30  Oracle  
  41  3:34  Nexus  
  41  3:36  Probe  
  45  3:42  Probe  
  46  3:48  Gateway  
  46  3:49  Probe  
  46  3:54  Probe  
  46  3:55  Assimilator  
  48  3:59  Assimilator  
  48  4:01  Probe  
  49  4:06  Probe  
  50  4:13  Probe  
  50  4:14  Probe  
  50  4:15  Twilight Council, Forge  
  51  4:21  Pylon  
  51  4:24  Adept  
  54  4:36  Probe  
  54  4:39  Probe  
  54  4:42  Probe  
  54  4:43  Adept  
  54  4:44  Adept, Probe  
  60  4:50  Probe, Protoss Ground Weapons Level 1  
  60  4:51  Charge, Probe  
  63  4:53  Probe  
  65  5:00  Probe  
  65  5:03  Probe  
  65  5:04  Adept x2  
  65  5:05  Probe  
  72  5:12  Probe, Templar Archives  
  73  5:15  Probe  
  73  5:16  Gateway  
  73  5:18  Probe  
  75  5:21  Pylon  
  75  5:24  Probe  
  76  5:29  Probe  
  76  5:33  Probe  
  74  5:36  Probe  
  74  5:39  Assimilator  
  74  5:41  Probe, Zealot x2  
  74  5:42  Assimilator  
  74  5:43  Shield Battery  
  74  5:45  Probe  
  74  5:47  Gateway  
  74  5:48  Probe  
  76  5:50  Robotics Facility  
  76  5:53  Probe  
  76  5:56  Gateway  
  78  5:57  Probe  
  78  5:58  Gateway  
  78  6:02  Gateway  
  78  6:04  Stalker  
  81  6:05  Stalker  
  82  6:16  Shield Battery  
  82  6:17  Pylon  
  82  6:21  Stalker  
  84  6:29  Stalker  
  84  6:32  Stalker  
Tags
 
Add a new tag
Caveats
  • Supply blocks, unpowered buildings, or Contaminate may cause inaccurate times.
  • Supply counts are checked every 10 seconds.